 Dungeon Sprint DCSS version 0.30-a0-177-g1cb5dbfd7a (webtiles) character file.

Game seed: 9928830963803876174

1501 hellse the Martial Artist (level 8, -13/81 HPs)
             Began as a Gnoll Transmuter on Oct 2, 2022.
             Was a Priest of Cheibriados.
             Mangled by Erolcha
             ... wielding a +0 giant club
              (25 damage)
             ... in the Dungeon (Sprint III: "The Ten Rune Challenge").
             The game lasted 00:02:56 (1035 turns).

hellse the Martial Artist (Gnoll Transmuter)        Turns: 1035, Time: 00:02:57

Health: -13/81     AC:  9    Str: 20    XL:     8   Next: 81%
Magic:  20/20      EV: 15    Int: 21    God:    Cheibriados [***...]
Gold:   30         SH:  0    Dex: 20    Spells: 19/24 levels left

rFire   x . .      SeeInvis .      - Unarmed
rCold   + + +      Faith    .    (shield currently unavailable)
rNeg    . . .      Spirit   .    (body armour currently unavailable)
rPois   +          Reflect  .    (helmet currently unavailable)
rElec   .          Harm     .    (cloak currently unavailable)
rCorr   .          Rampage  .    (gloves currently unavailable)
Will    .....      NoTele   +    (boots currently unavailable)
Stlth   ++++......               (no amulet)
HPRegen 0.33/turn                (no ring)
MPRegen 0.17/turn                (no ring)

@: ice-form, very slow
A: freezing attack, amphibious, boosted hp, large, (fangs 1), strong nose,
distributed training
a: End Transformation, Renounce Religion, Bend Time, Temporal Distortion


You were in the Dungeon.
You worshipped Cheibriados.
Cheibriados was most pleased with you.
You were a creature of crystalline ice.
You visited 1 branch You collected 30 gold pieces.

Inventory:

Armour
 a - a +0 robe (melded)
 s - an orb of light
Wands
 q - a wand of charming (5)
Scrolls
 h - a scroll of blinking
 i - a scroll of torment {unknown}
 j - 2 scrolls of identify
 l - a scroll of immolation {unknown}
 m - a scroll of poison {unknown}
Potions
 b - a potion of lignification
 c - a potion of curing
 d - 2 potions of heal wounds
 e - a potion of haste
 f - 2 potions of magic
 g - 2 potions of berserk rage
 k - a potion of brilliance {unknown}
 n - a potion of resistance {unknown}
 o - 5 potions of mutation
 r - 2 potions of might
Miscellaneous
 p - a condenser vane


   Skills:
 + Level 7.7 Fighting
 + Level 7.1 Short Blades
 + Level 7.1 Long Blades
 + Level 7.1 Axes
 + Level 7.1 Maces & Flails
 + Level 7.1 Polearms
 + Level 7.1 Staves
 + Level 7.1 Ranged Weapons
 + Level 7.1 Throwing
 + Level 7.1 Armour
 + Level 8.6 Dodging
 + Level 7.1 Stealth
 + Level 7.1 Shields
 + Level 9.8 Unarmed Combat
 + Level 8.8 Spellcasting
 + Level 5.9 Conjurations
 + Level 5.9 Hexes
 + Level 5.9 Summonings
 + Level 5.9 Necromancy
 + Level 5.9 Translocations
 + Level 7.1 Transmutations
 + Level 5.9 Fire Magic
 + Level 5.9 Ice Magic
 + Level 5.9 Air Magic
 + Level 5.9 Earth Magic
 + Level 5.9 Poison Magic
 + Level 7.8 Invocations
 + Level 7.1 Evocations


You had 19 spell levels left.
You knew the following spells:

 Your Spells              Type           Power      Damage    Failure   Level
a - Beastly Appendage     Tmut           78%        N/A       1%          1
b - Ice Form              Ice/Tmut       36%        N/A       4%          4

Your spell library contained the following spells:

 Spells                   Type           Power      Damage    Failure   Level
 Wereblood                Tmut           39%        N/A       1%          2
 Gell's Gravitas          Tloc           34%        N/A       1%          3
 Lesser Beckoning         Tloc           34%        N/A       1%          3
 Spider Form              Tmut/Pois      36%        N/A       1%          3
 Teleport Other           Tloc           34%        N/A       1%          3


Dungeon Overview and Level Annotations

Branches:
Dungeon (1/1)

Altars:
Cheibriados
Dithmenos
Elyvilon
Fedhas
Gozag
Hepliaklqana
Kikubaaqudgha
Makhleb
Nemelex Xobeh
Okawaru
Qazlal
Ru
Sif Muna
Trog
Uskayaw
Vehumet
Wu Jian
Xom
Yredelemnul
Zin
The Shining One
Jiyva
Lugonu

Annotations:
D Erolcha


Innate Abilities, Weirdness & Mutations

You are a creature of crystalline ice.
You have a powerful freezing melee attack.
You are amphibious.
Your maximum health is increased.
Your armour is entirely melded.
You are incapable of wielding weapons or throwing items.
((You have very sharp teeth.))
Your uncanny sense of smell can sniff out nearby items.
Your experience applies equally to all skills.


Message History

A two-headed ogre comes into view. It is wielding two +0 giant clubs.
A two-headed ogre comes into view.
It is wielding a +0 giant spiked club and a +0 giant club.
The two-headed ogre shouts in stereo!
You punch the two-headed ogre! You freeze the two-headed ogre!
The two-headed ogre is severely wounded.
You pummel the two-headed ogre!! You freeze the two-headed ogre.
You kill the two-headed ogre!
Cheibriados appreciates the change of pace.
Cheibriados raises the support of your attributes as your movement slows.
Things that are here:
a +0 giant club; a +0 giant club A two-headed ogre and Erolcha come into view.
Erolcha is wielding a +0 giant club and carrying a wand of mindburst (5).
What are your orders? t - Bark!
Orders for allies: a - Attack new target. r - Retreat! s - Stop attacking. g - Guard the area. f - Follow me.
Anything else - Cancel.
You bark for attention!
Erolcha shouts!
The two-headed ogre shouts in stereo!
You hear two shouts!
Erolcha zaps a wand.
You struggle to resist.
You hit the two-headed ogre. You freeze the two-headed ogre.
The two-headed ogre is lightly wounded.
Erolcha casts a spell.
Erolcha flickers and vanishes!
Deactivating autopickup; reactivate with Ctrl-A.
The two-headed ogre hits you with a +0 giant club!
The two-headed ogre closely misses you.
Unknown command.
The two-headed ogre attacks as you move away!
The two-headed ogre hits you with a +0 giant club!
The two-headed ogre misses you. Something hits you!!
You hit something but do no damage. You pummel something!!
You freeze something.
The two-headed ogre hits you with a +0 giant club!
* * * LOW HITPOINT WARNING * * *
The two-headed ogre closely misses you. Something hits you!!
You die...

__# ∆∆ ∆ ∆ )_#∆ ∆
'## ∆ ..# ∆ ..#∆∆
∆∆ #'# ∆ ∆∆∆∆
..#+##############
..#....#.#.#.....#
..##.#..#.##.###Y#
..'##.#.#.##)#.O##
..#.).#..#..##..
▓▓▓▓▓▓▓▓▓▓▓▓▓▓▓▓


You could see a two-headed ogre.

Vanquished Creatures
  A deep elf pyromancer (D)
  A shadow (D)
  A spatial vortex (D)
  3 two-headed ogres (D)
  A necrophage (D)
  A water elemental (D)
  A scorpion (D)
  A jelly (D)
  A wizard (D)
  A necromancer (D)
  3 humans (D)
  A kobold demonologist (D)
  2 endoplasms (D)
  2 rats (D)
20 creatures vanquished.

Notes
Turn   | Place    | Note
-------+----------+-------------------------------------------
     0 | D        | hellse the Gnoll Transmuter began the quest for the Orb.
     0 | D        | Reached XP level 1. HP: 17/17 MP: 6/6
    16 | D        | Reached skill level 5 in Spellcasting
    47 | D        | Reached skill level 1 in Invocations
    86 | D        | Reached skill level 1 in Short Blades
    86 | D        | Reached skill level 1 in Long Blades
    86 | D        | Reached skill level 1 in Axes
    86 | D        | Reached skill level 1 in Maces & Flails
    86 | D        | Reached skill level 1 in Polearms
    86 | D        | Reached skill level 1 in Staves
    86 | D        | Reached skill level 1 in Ranged Weapons
    86 | D        | Reached skill level 1 in Throwing
    86 | D        | Reached skill level 1 in Armour
    86 | D        | Reached skill level 1 in Stealth
    86 | D        | Reached skill level 1 in Shields
    86 | D        | Reached skill level 1 in Conjurations
    86 | D        | Reached skill level 1 in Hexes
    86 | D        | Reached skill level 1 in Summonings
    86 | D        | Reached skill level 1 in Necromancy
    86 | D        | Reached skill level 1 in Translocations
    86 | D        | Reached skill level 1 in Fire Magic
    86 | D        | Reached skill level 1 in Ice Magic
    86 | D        | Reached skill level 1 in Air Magic
    86 | D        | Reached skill level 1 in Earth Magic
    86 | D        | Reached skill level 1 in Poison Magic
    86 | D        | Reached skill level 1 in Evocations
    86 | D        | Reached XP level 2. HP: 18/24 MP: 8/8
   108 | D        | Noticed a scorpion
   119 | D        | Killed a scorpion
   120 | D        | Reached skill level 5 in Dodging
   120 | D        | Reached skill level 7 in Unarmed Combat
   120 | D        | Reached XP level 3. HP: 5/30 MP: 10/10
   120 | D        | Reached XP level 4. HP: 7/37 MP: 11/11
   125 | D        | Learned a level 4 spell: Ice Form
   245 | D        | Noticed a water elemental
   255 | D        | Killed a water elemental
   256 | D        | Reached XP level 5. HP: 42/43 MP: 8/13
   288 | D        | Noticed a shadow
   294 | D        | Killed a shadow
   295 | D        | Reached skill level 5 in Fighting
   295 | D        | Reached skill level 8 in Unarmed Combat
   295 | D        | Reached skill level 5 in Transmutations
   295 | D        | Reached skill level 5 in Invocations
   295 | D        | Reached XP level 6. HP: 17/51 MP: 9/15
   430 | D        | Found a blossoming altar of Fedhas.
   430 | D        | Found a stormy altar of Qazlal.
   431 | D        | Found a snail-covered altar of Cheibriados.
   431 | D        | Found a burning altar of Makhleb.
   431 | D        | Found a hazy altar of Hepliaklqana.
   431 | D        | Found a shimmering altar of Xom.
   431 | D        | Found an opulent altar of Gozag.
   431 | D        | Found a sparkling altar of Nemelex Xobeh.
   431 | D        | Found a corrupted altar of Lugonu.
   431 | D        | Found a viscous altar of Jiyva.
   431 | D        | Noticed a spatial vortex
   433 | D        | Became a worshipper of Cheibriados the Contemplative
   445 | D        | Killed a spatial vortex
   446 | D        | Reached skill level 5 in Short Blades
   446 | D        | Reached skill level 5 in Long Blades
   446 | D        | Reached skill level 5 in Axes
   446 | D        | Reached skill level 5 in Maces & Flails
   446 | D        | Reached skill level 5 in Polearms
   446 | D        | Reached skill level 5 in Staves
   446 | D        | Reached skill level 5 in Ranged Weapons
   446 | D        | Reached skill level 5 in Throwing
   446 | D        | Reached skill level 5 in Armour
   446 | D        | Reached skill level 5 in Stealth
   446 | D        | Reached skill level 5 in Shields
   446 | D        | Reached skill level 5 in Evocations
   446 | D        | Reached XP level 7. HP: 57/57 MP: 13/17
   460 | D        | Found a basalt altar of Yredelemnul.
   460 | D        | Found a shadowy altar of Dithmenos.
   460 | D        | Found a sacrificial altar of Ru.
   464 | D        | Reached * piety under Cheibriados
   476 | D        | Found a radiant altar of Vehumet.
   476 | D        | Found a shimmering blue altar of Sif Muna.
   476 | D        | Found an ancient bone altar of Kikubaaqudgha.
   479 | D        | Noticed a rust devil
   483 | D        | Reached ** piety under Cheibriados
   622 | D        | Found a glowing silver altar of Zin.
   622 | D        | Found a glowing golden altar of the Shining One.
   622 | D        | Found a white marble altar of Elyvilon.
   623 | D        | Noticed a deep elf pyromancer
   626 | D        | Killed a deep elf pyromancer
   627 | D        | Reached skill level 9 in Unarmed Combat
   627 | D        | Reached skill level 5 in Conjurations
   627 | D        | Reached skill level 5 in Hexes
   627 | D        | Reached skill level 5 in Summonings
   627 | D        | Reached skill level 5 in Necromancy
   627 | D        | Reached skill level 5 in Translocations
   627 | D        | Reached skill level 5 in Fire Magic
   627 | D        | Reached skill level 5 in Ice Magic
   627 | D        | Reached skill level 5 in Air Magic
   627 | D        | Reached skill level 5 in Earth Magic
   627 | D        | Reached skill level 5 in Poison Magic
   627 | D        | Reached XP level 8. HP: 66/67 MP: 16/20
   724 | D        | Found a hide-covered altar of Uskayaw.
   724 | D        | Found an iron altar of Okawaru.
   724 | D        | Found a bloodstained altar of Trog.
   724 | D        | Found an ornate altar of the Wu Jian Council.
   906 | D        | Reached *** piety under Cheibriados
  1011 | D        | Noticed a two-headed ogre
  1023 | D        | Noticed a two-headed ogre
  1023 | D        | Noticed Erolcha
  1035 | D        | Mangled by Erolcha

Illustrated notes

Levels and vault maps discovered:
D:        dungeon_sprint_mu [sprint_mu_entry_cave, sprint_mu_temple_rooms,
          sprint_mu_d1_spiders, sprint_mu_d2_genie, sprint_mu_d3_branching,
          sprint_mu_orc_legion, sprint_mu_elf_gauntlet, sprint_mu_hive_nellie,
          sprint_mu_lair_fedhas, sprint_mu_vaults_butterflies,
          sprint_mu_slime_circle, sprint_mu_swamp_cave, sprint_mu_shoals_archi,
          sprint_mu_blade_basic, sprint_mu_crypt_lich, sprint_mu_tomb_spiral,
          sprint_mu_vestibule_basic, sprint_mu_gehenna_hellfire,
          sprint_mu_dis_giant, sprint_mu_tartarus_statrot,
          sprint_mu_cocytus_islands, sprint_mu_zot1]

Skill      XL: |  1  2  3  4  5  6  7  8 |
---------------+-------------------------+-----
Spellcasting   | 5 6 7 8 |  8.8
Invocations    | 1 3 5 7 |  7.8
Fighting       | 3 4 5 7 |  7.7
Short Blades   | 1 2 3 4 5 6 7 |  7.1
Long Blades    | 1 2 3 4 5 6 7 |  7.1
Axes           | 1 2 3 4 5 6 7 |  7.1
Maces & Flails | 1 2 3 4 5 6 7 |  7.1
Polearms       | 1 2 3 4 5 6 7 |  7.1
Staves         | 1 2 3 4 5 6 7 |  7.1
Ranged Weapons | 1 2 3 4 5 6 7 |  7.1
Throwing       | 1 2 3 4 5 6 7 |  7.1
Armour         | 1 2 3 4 5 6 7 |  7.1
Stealth        | 1 2 3 4 5 6 7 |  7.1
Shields        | 1 2 3 4 5 6 7 |  7.1
Conjurations   | 1 2 3 4 5 |  5.9
Hexes          | 1 2 3 4 5 |  5.9
Summonings     | 1 2 3 4 5 |  5.9
Necromancy     | 1 2 3 4 5 |  5.9
Translocations | 1 2 3 4 5 |  5.9
Transmutations | 4 5 6 7 |  7.1
Fire Magic     | 1 2 3 4 5 |  5.9
Ice Magic      | 1 2 3 4 5 |  5.9
Air Magic      | 1 2 3 4 5 |  5.9
Earth Magic    | 1 2 3 4 5 |  5.9
Poison Magic   | 1 2 3 4 5 |  5.9
Evocations     | 1 2 3 4 5 6 7 |  7.1
Dodging        | 5 6 7 8 |  8.6
Unarmed Combat | 7 8 9 |  9.8

Action                   |  1- 3 |  4- 6 |  7- 9 || total
-------------------------+-------+-------+-------++-------
Melee: Unarmed           |    31 |    22 |    27 ||    80
       Kick              |     6 |       |       ||     6
       Headbutt          |     6 |       |       ||     6
       Bite              |     2 |       |       ||     2
 Cast: Beastly Appendage |     4 |       |       ||     4
       Ice Form          |       |     3 |     5 ||     8
  Use: Scroll            |     2 |       |       ||     2
 Stab: Sleeping          |     1 |     1 |     1 ||     3
Armor: Robe              |     1 |       |       ||     1
       Skin              |       |     1 |     4 ||     5
Dodge: Dodged            |    16 |     4 |    19 ||    39

Table legend: (Time is in decaauts)
 A = Elapsed time spent in this place.
 B = Non-inter-level travel time spent in this place.
 C = Inter-level travel time spent in this place.
 D = Time resting spent in this place.
 E = Time spent auto-exploring this place.
 F = Levels seen in this place.
 G = Mean time per level.
                   A        B        C        D        E       F      G
               +--------+--------+--------+--------+--------+-----+--------+
         Total |   1066 |   1066 |      0 |    708 |      0 |   1 | 1066.0 |
       Dungeon |   1066 |   1066 |      0 |    708 |      0 |   1 | 1066.0 |
               +--------+--------+--------+--------+--------+-----+--------+

Top non-repeatable levels by time:
       D: 1066 daAuts
